 Dungeon Crawl Stone Soup version 0.29.1-13-g9f3cf754e1 (webtiles) character file.

Game seed: 14459283975760101642

7181 Gabide the Frost Mage (level 10, -4/83 HPs)
             Began as a Demigod Ice Elementalist on Feb 5, 2023.
             Killed by divine providence
             ... invoked by a meliai
              (10 damage)
             ... on level 10 of the Dungeon.
             The game lasted 00:24:48 (11487 turns).

Gabide the Frost Mage (Demigod Ice Elementalist)   Turns: 11487, Time: 00:24:49

Health: -4/83      AC:  6    Str: 13    XL:     10   Next: 56%
Magic:  24/31      EV: 14    Int: 31    God:
Gold:   435        SH:  0    Dex: 14    Spells: 10/21 levels left

rFire   x . .      SeeInvis .   b - +12 sling "Beetlebane" {freeze, rF- rN+ Str+4 Int+2}
rCold   . . .      Faith    .   (no shield)
rNeg    + . .      Spirit   .   I - +0 steam dragon scales
rPois   .          Reflect  .   (no helmet)
rElec   .          Harm     .   (no cloak)
rCorr   .          Rampage  .   (no gloves)
Will    ++...                   i - +0 pair of boots
Stlth   ++........              (no amulet)
HPRegen 0.23/turn               v - ring of willpower
MPRegen 0.22/turn               n - ring of magical power

@: no status effects
A: high MP 1, forlorn, divine attributes
a: no special abilities


You were on level 10 of the Dungeon.
You visited 1 branch of the dungeon, and saw 10 of its levels.

You collected 525 gold pieces.
You spent 90 gold pieces at shops.

Inventory:

Hand Weapons
 a - a +2 dagger of electrocution
 b - the +12 sling "Beetlebane" (weapon) {freeze, rF- rN+ Str+4 Int+2}
   (You found it on level 6 of the Dungeon)

   Any ammunition fired from it freezes those it strikes, dealing additional
   cold damage.
   It can also slow down cold-blooded creatures.
   Str:       It affects your strength (+4).
   Int:       It affects your intelligence (+2).
   rF:        It makes you vulnerable to fire.
   rN:        It protects you from negative energy.
Armour
 i - a +0 pair of boots (worn)
 I - +0 steam dragon scales (worn)
Magical Staves
 o - a staff of conjuration
Jewellery
 d - an amulet of magic regeneration
 j - a ring of protection from cold
 n - a ring of magical power (right hand)
 q - a ring of protection from cold
 v - a ring of willpower (left hand)
 F - a +6 ring of intelligence
Wands
 e - a wand of quicksilver (7)
 u - a wand of mindburst (19)
 w - a wand of iceblast (5)
 y - a wand of paralysis (11)
 E - a wand of polymorph (12)
 J - a wand of flame (7)
Scrolls
 g - 3 scrolls of teleportation
 h - a scroll of immolation {unknown}
 p - 2 scrolls of blinking
 s - 5 scrolls of vulnerability
 t - a scroll of summoning {unknown}
 x - a scroll of poison {unknown}
 A - a scroll of silence {unknown}
 C - 2 scrolls of noise {unknown}
 L - a scroll of amnesia {unknown}
 M - a scroll of enchant armour {unknown}
Potions
 c - a potion of mutation
 f - a potion of magic
 k - 2 potions of cancellation
 l - 8 potions of curing
 m - a potion of haste
 r - a potion of attraction
 z - a potion of might
 D - a potion of ambrosia
 G - 2 potions of lignification
 K - a potion of flight {unknown}


   Skills:
 - Level 6.0 Fighting
 - Level 4.0 Short Blades
 - Level 6.0 Dodging
 - Level 2.0 Stealth
 - Level 6.0 Spellcasting
 * Level 11.1 Ice Magic


You had 10 spell levels left.
You knew the following spells:

 Your Spells              Type           Power      Damage    Failure   Level
a - Freeze                Ice            100%       1d11      1%          1
b - Frozen Ramparts       Ice            100%       1d16      1%          3
c - Ozocubu's Armour      Ice            68%        N/A       1%          3
d - Hailstorm             Conj/Ice       43%        3d10      4%          4

Your spell library contained the following spells:

 Spells                   Type           Power      Damage    Failure   Level
 Magic Dart               Conj           36%        1d4       4%          1
 Call Imp                 Summ           9%         N/A       8%          2
 Sublimation of Blood     Necr           9%         N/A       8%          2
 Wereblood                Tmut           9%         N/A       8%          2
 Call Canine Familiar     Summ           9%         N/A       14%         3
 Conjure Flame            Conj/Fire      9%         6-21      14%         3
 Ignite Poison            Fire/Tmut/Pois 9%         N/A       14%         3
 Mephitic Cloud           Conj/Pois/Air  9%         N/A       14%         3
 Portal Projectile        Hex/Tloc       18%        N/A       14%         3
 Freezing Cloud           Conj/Ice/Air   16%        6-21      30%         5
 Leda's Liquefaction      Hex/Erth       4%         N/A       43%         4
 Sticky Flame             Conj/Fire      9%         2d3       43%         4
 Fireball                 Conj/Fire      4%         3d4       80%         5
 Iskenderun's Battlesphe  Conj           9%         2d6       80%         5
 Conjure Ball Lightning   Conj/Air       4%         3x3d6     100%        6
 Orb of Destruction       Conj           4%         9d5       100%        7
 Summon Hydra             Summ           4%         N/A       100%        7


Dungeon Overview and Level Annotations

Branches:
Dungeon (10/15)            Temple (0/1) D:7             Orc (0/2) D:9
   Lair: D:8-11

Shops:
D:9 (

Annotations:
D:10 Nergalle


Innate Abilities, Weirdness & Mutations

You have an increased reservoir of magic. (+10% MP)
You shall have no god before yourself.
Your divine heritage dramatically boosts your attributes as you level up.


Message History

You kill the meliai!
The meliai buzzes angrily.
Unknown command.
Unknown command.
Casting: Hailstorm (dangerous; 4% risk of failure)
Confirm with . or Enter, or press ? or * to list all spells.
Casting: Hailstorm (dangerous; 4% risk of failure)
Press: ? - help, Dir - look around, f - activate A cannonade of hail descends around you!
The hail pelts the meliai!
The meliai is severely wounded.
The hail pelts the meliai!!
The meliai is almost dead.
The meliai calls down the wrath of its god upon you.
Something smites you!
Casting: Hailstorm (dangerous; 4% risk of failure)
Confirm with . or Enter, or press ? or * to list all spells.
Casting: Frozen Ramparts (safe; 1% risk of failure)
Press: ? - help, Dir - look around, f - activate
Okay, then.
The meliai invokes the aid of its god against you.
Something smites you!
The meliai mumbles some strange prayers to its god against you.
Something smites you!
* * * LOW HITPOINT WARNING * * *
There is an open door here.
The meliai attacks as you move away! The meliai hits you with a +0 hand axe.
* * * LOW HITPOINT WARNING * * *
The meliai closely misses you.
The meliai calls down the wrath of its god upon you.
Something smites you!
* * * LOW HITPOINT WARNING * * *
The meliai closely misses you. The meliai barely misses you.
You feel better.
The meliai calls down the wrath of its god upon you.
Something smites you!
* * * LOW HITPOINT WARNING * * *
The meliai mumbles some strange prayers to its god against you.
Something smites you!
You die...

#..............#
#.............)#
#..............#
#######'######## #....#
####+#### #.#### ........#
###.###########
.......$####.............#
.....).yy@.#.............#
.[...?..##...............#
........####.............#
........# #.............#
........# #.............#
?.......# ###############
#########


You could see 2 meliai.

Vanquished Creatures
  Pikel (D:4)
  Joseph (D:8)
  Maggie (D:7)
  A hornet (D:9)
  A meliai (D:10)
  11 yaks
  3 steam dragons
  2 wargs (D:9)
  A water moccasin (D:8)
  An acid dragon (D:9)
  3 orc warriors
  2 sky beasts
  2 black bears (D:6)
  3 ogres
  3 centaurs
  4 lemures (D:4)
  6 bullfrogs
  4 necrophages
  7 scorpions
  3 wights (D:9)
  4 howler monkeys
  A jelly (D:5)
  2 gnoll boudas
  5 orc priests
  3 hounds
  5 iguanas
  6 orc wizards
  5 adders
  7 gnolls
  2 white imps
  2 worms (D:3)
  A dart slug (D:5)
  39 orcs
  4 ball pythons
  8 bats
  4 endoplasms
  4 giant cockroaches
  13 hobgoblins
  4 jackals (D:3)
  2 quokkas
  4 frilled lizards
  10 goblins
  A hobgoblin zombie (D:8)
  9 kobolds
  3 kobold skeletons (D:8)
  2 kobold zombies (D:8)
  An orc skeleton (D:8)
  An orc zombie (D:8)
  2 rats (D:1)
  2 butterflies (D:4)
216 creatures vanquished.

Vanquished Creatures (others)
  3 plants (D:1)
3 creatures vanquished.

Grand Total: 219 creatures vanquished

Notes
Turn   | Place    | Note
-------+----------+-------------------------------------------
     0 | D:1      | Gabide the Demigod Ice Elementalist began the quest for the
                  | Orb.
     0 | D:1      | Reached XP level 1. HP: 14/14 MP: 5/5
   239 | D:1      | Reached skill level 4 in Ice Magic
   239 | D:1      | Reached XP level 2. HP: 18/20 MP: 4/7
   644 | D:1      | Reached skill level 1 in Fighting
  1304 | D:2      | Noticed a scorpion
  1315 | D:2      | Killed a scorpion
  1316 | D:2      | Reached skill level 1 in Short Blades
  1316 | D:2      | Reached XP level 3. HP: 11/29 MP: 2/8
  1316 | D:2      | Reached XP level 4. HP: 14/36 MP: 2/9
  1562 | D:2      | Learned a level 3 spell: Frozen Ramparts
  1566 | D:2      | Learned a level 3 spell: Ozocubu's Armour
  2274 | D:3      | Reached XP level 5. HP: 41/41 MP: 1/11
  3106 | D:4      | Noticed an ogre
  3128 | D:3      | Killed an ogre
  3569 | D:4      | You fall into a shaft and drop 1 floor!
  3569 | D:5      | Entered Level 5 of the Dungeon
  3634 | D:5      | Reached XP level 6. HP: 39/50 MP: 0/12
  4592 | D:4      | Noticed Pikel
  4864 | D:4      | Paralysed by Pikel for 5 turns
  4871 | D:4      | Killed Pikel
  4872 | D:4      | Reached skill level 5 in Ice Magic
  4872 | D:4      | Reached XP level 7. HP: 48/57 MP: 13/14
  5635 | D:5      | Reached skill level 6 in Ice Magic
  5685 | D:5      | Reached XP level 8. HP: 65/66 MP: 16/16
  6488 | D:6      | Reached skill level 7 in Ice Magic
  6546 | D:6      | Identified the +12 sling "Beetlebane" {freeze, rF- rN+
                  | Str+4 Int+2}
  7109 | D:6      | Reached XP level 9. HP: 61/72 MP: 19/19
  7487 | D:7      | Reached skill level 5 in Dodging
  7870 | D:7      | Reached skill level 5 in Fighting
  7947 | D:7      | Found a staircase to the Ecumenical Temple.
  7954 | D:7      | Reached skill level 8 in Ice Magic
  8582 | D:7      | Noticed Maggie
  8594 | D:7      | Killed Maggie
  8595 | D:7      | Reached skill level 5 in Spellcasting
  9037 | D:8      | Noticed Joseph
  9048 | D:8      | Killed Joseph
  9779 | D:9      | Found Ucziymuhoil's Weapon Shop.
  9791 | D:9      | Reached skill level 9 in Ice Magic
  9846 | D:9      | Learned a level 4 spell: Hailstorm
  9883 | D:9      | Reached XP level 10. HP: 22/83 MP: 22/22
 10284 | D:9      | Found Zin's Purification Station.
 10290 | D:9      | Bought a potion of curing for 90 gold pieces
 10697 | D:9      | Found a staircase to the Orcish Mines.
 10937 | D:10     | Entered Level 10 of the Dungeon
 10977 | D:9      | Reached skill level 10 in Ice Magic
 11317 | D:10     | Reached skill level 11 in Ice Magic
 11334 | D:10     | Noticed Nergalle
 11487 | D:10     | Killed from afar by a meliai

Illustrated notes

Levels and vault maps discovered:
D:1:      heliophobic_arrival_dark_side_of_the_moon, layout_basic, serial_bayou,
          serial_bayou_pond_b, serial_bayou_lagoon_a, serial_bayou_ford_a,
          serial_bayou_pond_c, dreamdust_ecumenical_altar_hidden_monk_grotto,
          moated_statue, hangedman_decor_clover_reticule
D:2:      layout_basic
D:3:      layout_basic, gammafunk_temple_overflow_statue, minmay_starry_boxes
D:4:      layout_cave_pools, xom_butterflies, portal_sewer_entry_e, uniq_pikel
D:5:      layout_cave_pools, overflow_temple_1_default, dk_rats_in_the_wall
D:6:      layout_basic
D:7:      corexii_shack_village, layout_basic,
          mainiacjoe_overflow_cross_hatched, minmay_temple_entry_offerings,
          uniq_maggie
D:8:      layout_loops_corners, nicolae_tso_besieged_by_evil, uniq_joseph
D:9:      layout_roguey, zin_purify, david_orc_1_choice, serial_shops,
          nicolae_stop_n_shop_2
D:10:     layout_roguey, uniq_nergalle, uniq_snorg, uniq_harold

Skill      XL: |  1  2  3  4  5  6  7  8  9 10 |
---------------+-------------------------------+-----
Spellcasting   | 2 3 4 5 6 |  6.0
Ice Magic      | 4 5 6 7 9 11 | 11.1
Fighting       | 2 3 4 5 6 |  6.0
Dodging        | 2 3 4 6 |  6.0
Stealth        | 2 |  2.0
Short Blades   | 1 2 3 4 |  4.0

Action                   |  1- 3 |  4- 6 |  7- 9 | 10-12 || total
-------------------------+-------+-------+-------+-------++-------
Melee: Dagger            |     3 |    17 |    29 |       ||    49
       Punch             |       |     1 |       |       ||     1
 Fire: Sling             |       |       |   135 |    41 ||   176
 Cast: Freeze            |    43 |    78 |    73 |     1 ||   195
       Frozen Ramparts   |       |    18 |    24 |     7 ||    49
       Ozocubu's Armour  |       |     9 |    19 |     6 ||    34
       Hailstorm         |       |       |       |     8 ||     8
Evoke: Wand              |       |     2 |     4 |       ||     6
  Use: Scroll            |       |     9 |     5 |     2 ||    16
       Potion            |       |       |     2 |     5 ||     7
 Stab: Sleeping          |     1 |     1 |       |       ||     2
Armor: Robe              |     5 |    12 |    25 |       ||    42
       Steam dragon scal |       |       |    15 |    13 ||    28
Dodge: Dodged            |    21 |    63 |   102 |    38 ||   224
